Unix NetHack Version 5.0.0-0 post-release - last build May 10 2026 23:12:36 (d1fa5d53e341ca933230fdaa984d921c805b60aa,branch:main).

Game began 2026-05-11 13:37:00, ended 2026-05-13 10:35:32.

Jeroenix, chaotic male elven Ranger

          -------
          ......|      ######################################
          |.....-##    #--------------------------------    #
          |.....| #    #|....).........................|    *
          |...<..#######|.-----------.......--------...|    #####
          ------- ######|.-..|(((|..|.------|..|+++|...|        #
                      ##|.|..|(((|..|.|@.d..|..|+]+|...|       *##
                      ##|.---|...--|-.|O._..|-|| ..|...|       * ##
                      ##|....--|--....|.@...|..---|-...|      #   #
                      ##|.............|.....|..........|          #  -----
                      ##|...........{.-----|-.{........|^         ###|...|
                      ##|...............................            #-...|
                      ##|...--|--|--...........-|---...|             |[..|
                      ##|...|...|..|---.-------|..(|...|             -----
                      ##|...|)?[|..|. |.| !%|  |(.(|...|
                       #|...|?%.|--|..-.-.%%|  |.((|...|
                       #|...----- .----.------+-----...|
                       #...............................|
                       #--------------------------------

Jeroenix the Trailblazer     St:14 Dx:12 Co:14 In:13 Wi:14 Ch:9  Chaotic
Dlvl:8  $:230 HP:0(36) Pw:49(49) AC:-8 Xp:7 T:4126  Burdened

Latest messages:
 The priest of Venus kicks!
 Sirius misses the priest of Venus.
 Sirius misses the ogre.
 The priest of Venus swings his mace at the ogre.
 The priest of Venus misses the ogre.
 The priest of Venus hits the ogre.
 Sirius misses the ogre.
 Sirius bites the ogre.
 The ogre swings her club at Sirius.
 The ogre misses Sirius.
 What do you want to remove? [nI or ?*] ?
 You were wearing an uncursed tiger eye ring (on left hand).
 Pick a monster, object or location.
 What do you want to write with? [- a-dijntzBE-GIRTWY or ?*] -
 You write in the dust with your fingertip.
 What do you want to write in the dust here? Elbereth
 Something is written here in the dust.
 You read: "ElOereth".
 You see no objects here.
 What do you want to write with? [- a-dijntzBE-GIRTWY or ?*] -
 Do you want to add to the current engraving? [ynq] (y) n
 You wipe out the message that was written in the dust here.
 You write in the dust with your fingertip.
 What do you want to write in the dust here? Elbereth
 Something is written here in the dust.
 You read: "Elbereth".
 You see no objects here.
 What do you want to drink? [hlmpxJSZ or ?*] h
 Your feet are frozen to the floor!
 The ogre turns to flee.
 The ogre turns to flee.
 You hear the splashing of a naiad.
 The ogre swings her club.
 The ogre hits!
 The ogre swings her club.
 The ogre misses!
 The ogre swings her club.
 The ogre misses!
 The ogre swings her club.
 The ogre misses!
 The ogre swings her club.
 The ogre hits!
 The ogre swings her club.
 The ogre hits!
 You die...
 Do you want your possessions identified? [ynq] (y) y
 Do you want to see your attributes? [ynq] (y) y
 Do you want an account of creatures vanquished? [ynaq] (y) y
 Do you want to see your conduct and achievements? [ynq] (y) y
 Do you want to see the dungeon overview? [ynq] (y) y

Inventory:
 Coins    ('$')
  $ - 230 gold pieces
 Weapons  (')')
  t - 17 +0 arrows
  c - 10 +2 elven arrows
  d - 39 +0 elven arrows
  b - a blessed +1 elven bow (alternate weapon; not wielded)
  W - a blessed +1 dagger
  G - 12 +0 daggers (at the ready)
  a - a +1 elven dagger (weapon in right hand)
 Armor    ('[')
  O - a blessed +0 dwarvish iron helm (being worn)
  H - an uncursed +0 pair of iron shoes (being worn)
  Q - an uncursed +0 dwarvish roundshield (being worn)
  e - an uncursed +2 elven cloak (being worn)
  P - an uncursed fireproof +0 mummy wrapping
  y - an uncursed +0 dwarvish mithril-coat (being worn)
 Comestibles  ('%')
  D - an uncursed food ration
  f - 4 uncursed lembas wafers
 Scrolls  ('?')
  K - an uncursed scroll of create monster
  g - a cursed scroll of enchant weapon
  r - an uncursed scroll of food detection
  A - an uncursed scroll of identify
  u - an uncursed scroll of light
 Spellbooks  ('+')
  v - an uncursed spellbook of cause fear
 Potions  ('!')
  S - an uncursed potion of blindness
  x - a cursed potion of confusion
  p - a cursed potion of gain ability
  J - an uncursed potion of invisibility
  h - an uncursed potion of paralysis
  Z - an uncursed potion of restore ability
  l - an uncursed potion of sickness
  m - an uncursed potion of speed
 Rings    ('=')
  Y - a cursed ring of aggravate monster
  n - an uncursed ring of conflict
  B - an uncursed ring of poison resistance
  I - an uncursed +3 ring of protection (on right hand)
 Wands    ('/')
  E - a wand of light (0:10)
 Tools    ('(')
  N - an uncursed leash
  k - an uncursed skeleton key
  L - 2 uncursed tallow candles
  q - an uncursed tin opener
 Gems/Stones  ('*')
  R - 2 uncursed aquamarine stones
  i - 3 uncursed worthless pieces of black glass
  j - 2 uncursed worthless pieces of red glass
  F - 2 uncursed worthless pieces of white glass
  z - an uncursed worthless piece of yellow glass
  T - 2 uncursed worthless pieces of yellowish brown glass

Jeroenix the Ranger's attributes:

Background:
 You were a Trailblazer, a level 7 male elven Ranger.
 You were chaotic, on a mission for Mars
 who was opposed by Mercury (lawful) and Venus (neutral).
 You were right-handed.
 You were in the Gnomish Mines, on level 8.
 You entered the dungeon 4126 turns ago.
 You had 1258 experience points, 22 more were needed to attain level 8.

Basics:
 You had 0 out of 36 hit points.
 You had all 49 energy points (spell power).
 Your armor class was -8.
 Your wallet contained 230 zorkmids.
 Autopickup was on for '$' plus thrown.

Final Characteristics:
 Your strength was 14 (limit:18).
 Your dexterity was 12 (limit:18).
 Your constitution was 14 (limit:16).
 Your intelligence was 13 (limit:20).
 Your wisdom was 14 (limit:20).
 Your charisma was 9 (limit:18).

Final Status:
 You weren't hungry.
 You were burdened; movement was slightly slowed.
 You were wielding a dagger.
 You had basic skill with dagger.

Final Attributes:
 You were piously aligned.
 You were sleep resistant.
 You had automatic searching.
 You had infravision.
 You were stealthy.
 You had a small defense bonus (+3).
 You were protected.
 You are dead.

Miscellaneous:
 You didn't encounter any bones levels.
 Total elapsed playing time was 2 hours, 33 minutes and 50 seconds.

Major events:
 Turn
    1: Jeroenix the chaotic male elven Ranger entered the dungeon
  587: attained the rank of Lookout (level 3)
 1465: entered the Gnomish Mines
 2085: attained the rank of Trailblazer (level 6)
 3383: reached Mine Town
 4126: killed by an ogre, while frozen by a potion

You didn't know any spells.

Skills:
 Fighting Skills
   bare handed combat [Unskilled]
   riding             [Unskilled]
 Weapon Skills
   dagger             [Basic]
   knife              [Unskilled]
   axe                [Unskilled]
   pick-axe           [Unskilled]
   short sword        [Unskilled]
   morning star       [Unskilled]
   flail              [Unskilled]
   hammer             [Unskilled]
   quarterstaff       [Unskilled]
   polearms           [Unskilled]
   spear              [Unskilled]
   trident            [Unskilled]
   bow                [Expert]
   sling              [Unskilled]
   crossbow           [Unskilled]
   dart               [Unskilled]
   shuriken           [Unskilled]
   boomerang          [Unskilled]
   whip               [Unskilled]
 Spellcasting Skills
   healing spells     [Unskilled]
   divination spells  [Unskilled]
   escape spells      [Unskilled]

Voluntary challenges:
 Character rerolling was not enabled.
 You never genocided any monsters.
 You never polymorphed an object.
 You never changed form.
 You used no wishes.
Achievements:
 You attained the rank of Lookout.
 You entered a shop.
 You entered the Gnomish Mines.
 You attained the rank of Trailblazer.
 You entered Minetown.
 You entered a temple.

 The Dungeons of Doom: levels 1 to 5
    Level 1:
    Level 2:
       A general store, some fountains.
    Level 3:
    Level 4:
       Stairs down to The Gnomish Mines.
    Level 5:
 The Gnomish Mines: levels 5 to 8
    Level 5:
    Level 6:
    Level 7:
    Level 8: <- You were here.
       Some shops, a temple and an altar, some fountains.
       Final resting place for
          you, killed by an ogre, while frozen by a potion.


Vanquished creatures:
  a large mimic
  a small mimic
  a large dog
  a large cat
  a tengu
  a giant beetle
  2 giant spiders
  a gnome ruler
 an orc mummy
 an ogre
  a brown pudding
  a yeti
  a rope golem
  2 rock moles
  a pony
  a fog cloud
  a shrieker
  a violet fungus
  4 gnome leaders
  a gnomish wizard
  2 ghouls
  4 giant ants
  a little dog
  2 floating eyes
  8 dwarves
  a homunculus
  a kobold leader
  2 rothes
  3 acid blobs
  3 hobbits
  a hobgoblin
  5 giant rats
  7 cave spiders
  a yellow mold
 34 gnomes
  3 geckos
  4 jackals
  a fox
  3 kobolds
  a goblin
  3 grid bugs
  5 bats
  3 lichens
  5 newts
128 creatures vanquished.

No species were genocided or became extinct.

Game over:
                       ----------
                      /          \
                     /    REST    \
                    /      IN      \
                   /     PEACE      \
                  /                  \
                  |     Jeroenix     |
                  |      230 Au      |
                  |   killed by an   |
                  |       ogre       |
                  |                  |
                  |                  |
                  |       2026       |
                 *|     *  *  *      | *
        _________)/\\_//(\/(/\)/\//\/|_)_______

Goodbye Jeroenix the Ranger...

You died in The Gnomish Mines on dungeon level 8 with 5609 points,
and 230 pieces of gold, after 4126 moves.
You were level 7 with a maximum of 36 hit points when you died.

